 Dungeon Crawl Stone Soup version 0.31-a0-986-g5e6e4ef867 (webtiles) character file.

Game seed: 8390606202175823876

174 gelatine the Trooper (level 5, 0/42 HPs)
             Began as a Demonspawn Fighter on Nov 21, 2023.
             Killed from afar by an orc wizard (7 damage)
             ... with a puff of flame
             ... on level 3 of the Dungeon.
             The game lasted 00:06:54 (2673 turns).

gelatine the Trooper (Demonspawn Fighter)           Turns: 2673, Time: 00:06:54

Health: 0/42       AC:  8    Str: 18    XL:     5   Next: 28%
Magic:  5/5        EV: 11    Int: 10    God:
Gold:   185        SH:  0    Dex: 12    Spells: 2/5 levels left

rFire   . . .        a - +0 war axe
rCold   + . .        c - +0 buckler
rNeg    . . .        f - +0 robe {rC+}
rPois   .            (helmet restricted)
rElec   .            (no cloak)
rCorr   .            (no gloves)
SInv    .            (no boots)
Will    .....        (no amulet)
Stlth   +            l - ring of wizardry
HPRegen 0.27/turn    (no ring)
MPRegen 0.09/turn

%: wizardry (x1)
@: confused, lethally poisoned (0 -> -9), sanguine armoured
A: horns 1, spiny 1, sanguine armour 1
a: no special abilities


You were on level 3 of the Dungeon.
You visited 1 branch of the dungeon, and saw 4 of its levels.

You collected 185 gold pieces.

Inventory:

Hand Weapons
 a - a +0 war axe (weapon)
Armour
 b - a +0 scale mail
 c - a +0 buckler (worn)
 f - a +0 robe of cold resistance (worn)
Jewellery
 l - a ring of wizardry (left hand)
 t - a ring of see invisible
Wands
 r - a wand of flame (16)
Scrolls
 e - a scroll of summoning
 g - a scroll of revelation {unknown}
 i - 2 scrolls of enchant weapon {unknown}
 j - 2 scrolls of vulnerability
 k - a scroll of fear {unknown}
 n - a scroll of teleportation {unknown}
 o - a scroll of immolation {unknown}
 p - a scroll of identify {unknown}
Potions
 d - 2 potions of might
 h - 2 potions of curing {unknown}
 m - 2 potions of mutation {unknown}
 q - a potion of degeneration {unknown}
 s - a potion of invisibility {unknown}
 u - a potion of ambrosia {unknown}


   Skills:
 * Level 3.9 Fighting
 * Level 3.5 Axes
 + Level 2.8 Armour
 * Level 0.9 Dodging
 + Level 0.6 Stealth
 * Level 3.1 Shields
 * Level 0.5 Spellcasting
 * Level 0.5 Summonings


You had 2 spell levels left.
You knew the following spells:

 Your Spells              Type           Power      Damage    Failure   Level
a - Call Canine Familiar  Summ           1%         N/A       41%         3

Your spell library contained the following spells:

 Spells                   Type           Power      Damage    Failure   Level
 Summon Small Mammal      Summ           4%         N/A       16%         1
 Sandblast                Erth           0%         2d4       19%         1
 Passwall                 Tmut/Erth      0%         N/A       26%         2
 Summon Guardian Golem    Hex/Summ       0%         N/A       43%         3
 Stone Arrow              Conj/Erth      0%         3d7       45%         3
 Brom's Barrelling Bould  Conj/Erth      0%         2d3       86%         4


Dungeon Overview and Level Annotations

Branches:
Dungeon (4/15)
 Temple: D:4-7

Altars:


Innate Abilities, Weirdness & Mutations

You have a pair of small horns on your head.
You are partially covered in sharp spines.
When seriously injured, your blood forms armour. (AC +6)


Message History

The puff of flame hits you!
Your blood congeals into armour.
The orc wizard casts a spell at you. The magic dart hits you!
You hear a shout!
The orc wizard mumbles some strange words.
The orc wizard flickers and vanishes!
Deactivating autopickup; reactivate with Ctrl-A.
The orc wizard casts a spell at you. The magic dart hits you.
The orc wizard points at you and mumbles some strange words.
The magic dart hits you.
* * * LOW HITPOINT WARNING * * *
There is a stone staircase leading up here.
The orc wizard is struck by your spines.
The orc wizard misses you.
You climb upwards.
Reactivating autopickup.
There is a stone staircase leading down here.
You closely miss the orc wizard.
You headbutt the orc wizard, but do no damage.
The orc wizard is almost dead.
You hit the orc wizard.
The orc wizard is struck by your spines.
The orc wizard barely misses you.
The orc wizard gestures at you while chanting.
The puff of flame hits you!
* * * LOW HITPOINT WARNING * * *
The orc wizard gestures at you while chanting.
You are confused.
The orc wizard gestures at you while chanting.
The puff of flame misses you.
You closely miss the orc wizard. Your headbutt misses the orc wizard.
The orc wizard is almost dead.
You barely miss the orc wizard.
The orc wizard is struck by your spines.
The orc wizard hits you but does no damage.
You are lethally poisoned!
The orc wizard gestures at you while chanting.
The puff of flame hits you!
You die...

#.......# ####.#####.#
#..#.#...#.#
############..#.#.#.#.#
#.............#.#.#.#.#
#.#######.......#.#.#.# # #.#
##............#.# #### #.#
##...o.o.......#.###..+ ######.#
##.....@............#.##
#......###...............#.#.#.##
#.#######..................#.#.##
#.#
#......................#..รท.#
#.###.#......<.............###..#
#...............................#
######.............#######......#
###............##.....##......
#..............#.......#...#..


You could see 2 orc wizards.

Vanquished Creatures
  A nameless horror (D:3)
  An orc priest (D:3)
  An orc wizard (D:3)
  6 adders
  2 worms
  2 dart slugs (D:3)
  3 orcs (D:3)
  8 endoplasms
  A giant cockroach (D:1)
  2 goblins (D:2)
  3 hobgoblins
  4 jackals (D:2)
  9 kobolds
  A quokka (D:2)
  5 ball pythons
  A frilled lizard (D:1)
  7 rats
57 creatures vanquished.

Notes
Turn   | Place    | Note
-------+----------+-------------------------------------------
     0 | D:1      | gelatine the Demonspawn Fighter began the quest for the
                  | Orb.
     0 | D:1      | Reached XP level 1. HP: 18/18 MP: 1/1
   565 | D:1      | Gained mutation: You are partially covered in sharp spines.
                  | [demonic ancestry]
   565 | D:1      | Reached XP level 2. HP: 24/24 MP: 2/2
  1009 | D:2      | Gained mutation: When seriously injured, your blood forms
                  | armour. (AC +6) [demonic ancestry]
  1009 | D:2      | Reached XP level 3. HP: 18/29 MP: 3/3
  1671 | D:3      | Gained mutation: You have a pair of small horns on your
                  | head. [demonic ancestry]
  1671 | D:3      | Reached XP level 4. HP: 31/37 MP: 4/4
  1786 | D:3      | Learned a level 3 spell: Call Canine Familiar
  1999 | D:3      | Noticed a nameless horror
  2026 | D:3      | Killed a nameless horror
  2233 | D:3      | Reached XP level 5. HP: 42/42 MP: 5/5
  2673 | D:3      | Killed from afar by an orc wizard

Illustrated notes

Levels and vault maps discovered:
D:1:      dpeg_arrival_round_a, layout_basic
D:2:      layout_loops_ring
D:3:      layout_basic, minmay_goblin_kobold_house
D:4:      minmay_spotlight, layout_rooms, grunt_tough_drop

Skill      XL: |  1  2  3  4 |
---------------+-------------+-----
Axes           | 2 3 |  3.5
Shields        | 3 |  3.1
Fighting       | |  3.9
Armour         | |  2.8
Dodging        | |  0.9
Stealth        | |  0.6
Spellcasting   | |  0.5
Summonings     | |  0.5

Action                     |  1- 3 |  4- 6 || total
---------------------------+-------+-------++-------
  Melee: War axe           |    76 |    55 ||   131
         Headbutt          |       |    16 ||    16
    Use: Scroll            |       |     2 ||     2
 Armour: Robe              |    41 |    48 ||    89
         Scale mail        |     3 |       ||     3
  Dodge: Dodged            |    37 |    27 ||    64
  Block: Buckler           |    14 |    22 ||    36

Table legend: (Time is in decaauts)
 A = Elapsed time spent in this place.
 B = Non-inter-level travel time spent in this place.
 C = Inter-level travel time spent in this place.
 D = Time resting spent in this place.
 E = Time spent auto-exploring this place.
 F = Levels seen in this place.
 G = Mean time per level.
                   A        B        C        D        E       F      G
               +--------+--------+--------+--------+--------+-----+--------+
         Total |   2724 |   2561 |    163 |      0 |   1973 |   4 |  681.0 |
       Dungeon |   2724 |   2561 |    163 |      0 |   1973 |   4 |  681.0 |
               +--------+--------+--------+--------+--------+-----+--------+

Top non-repeatable levels by time:
     D:3: 1044 daAuts
     D:1: 892 daAuts
     D:2: 773 daAuts
     D:4: 14 daAuts
